 Dungeon Crawl Stone Soup version 0.17.1-3-g152610e (webtiles) character file.

119 Kokonut the Skirmisher (level 4, -1/41 HPs)
             Began as a Centaur Berserker on Mar 13, 2016.
             Was a Believer of Trog.
             Slain by an adder (4 damage)
             ... on level 4 of the Dungeon.
             The game lasted 00:05:16 (2033 turns).

Kokonut the Skirmisher (Centaur Berserker)          Turns: 2033, Time: 00:05:16

Health: -1/41      AC:  4    Str: 20    XL:     4   Next: 73%
Magic:  4/4        EV:  9    Int:  6    God:    Trog [**....]
Gold:   34         SH:  0    Dex:  9    Spells: 0 memorised, 3 levels left

rFire  . . .     SeeInvis .     a - +0 falchion
rCold  . . .     Clarity  .     b - +0 animal skin
rNeg   . . .     SustAt   .     (no shield)
rPois  .         Gourm    .     (no helmet)
rElec  .         Spirit   .     (no cloak)
rCorr  .         Warding  .     (no gloves)
rMut   .         Stasis   .     (no barding)
MR     .....                    (no amulet)
Stlth  +.........               (no ring)
                                (no ring)

@: very quick, not resistant to hostile enchantments, very unstealthy
A: hooves 3, deformed body, speed 2, tough skin 3
a: Berserk, Trog's Hand, Burn Spellbooks, Renounce Religion


You were on level 4 of the Dungeon.
You worshipped Trog.
Trog was pleased with you.
You were not hungry.

You visited 1 branch of the dungeon, and saw 4 of its levels.

You collected 34 gold pieces.

Inventory:

Hand Weapons
 a - a +0 falchion (weapon)
Missiles
 h - 31 arrows
Armour
 b - a +0 animal skin (worn)
Jewellery
 d - a +4 ring of strength {unknown}
 i - an uncursed ring of see invisible {unknown}
Wands
 m - a wand of magic darts (12)
Scrolls
 e - a scroll of identify {unknown}
 f - a scroll of remove curse {unknown}
 k - a scroll of enchant weapon {unknown}
 l - a scroll of noise {unknown}
 p - a scroll of recharging {unknown}
Potions
 n - a potion of haste {unknown}
 q - a potion of might {unknown}
Comestibles
 c - 2 bread rations
 g - 2 meat rations
 j - 4 fruits
 o - 2 chunks of flesh


   Skills:
 + Level 4.4 Fighting
 + Level 3.9 Long Blades
 - Level 1.3 Armour
 - Level 1.3 Dodging


You had 3 spell levels left.
You didn't know any spells.

Dungeon Overview and Level Annotations

Branches:
Dungeon (4/15)
 Temple: D:4-7

Altars:
Ashenzari
Dithmenos
Fedhas
Kikubaaqudgha
Sif Muna
Trog
Yredelemnul
The Shining One


Innate Abilities, Weirdness & Mutations

You have hooves in place of feet.
Armour fits poorly on your strangely shaped body.
You cover ground very quickly.
You have extremely tough skin (AC +3).


Message History

You closely miss the adder. Your kick misses the adder.
The adder is lightly wounded.
The giant newt bites you but does no damage.
The adder bites you but does no damage. The kobold hits you with a whip.
The giant newt bites you.
You closely miss the adder.
The adder is lightly wounded.
The adder bites you but does no damage. The kobold barely misses you.
The adder bites you.
* * * LOW HITPOINT WARNING * * *
The giant newt bites you but does no damage.
You are too injured to fight recklessly!
There is a stone staircase leading down here.
You can't go up here!
The kobold hits you with a whip.
* * * LOW HITPOINT WARNING * * *
You climb downwards.
The adder bites you.
* * * LOW HITPOINT WARNING * * *
The ball python barely misses you. The adder bites you.
You die...

.# #. .w#### #
##.#...
#.#..).#
#.#....##
.####.......#
......K@S...#
#####.S........
###.....###
#..(..# #.##..#
#.# ..+ #.# .#
#.# .#


You could see a worm, an adder, a ball python and a kobold.

Vanquished Creatures
  Natasha (thrice) (D:2)
  2 adders (D:2)
  A worm (D:2)
  5 orcs (D:3)
  4 goblins
  11 hobgoblins
  A jackal (D:1)
  9 bats
  5 giant geckos
  A giant newt (D:2)
  6 kobolds
  6 rats
54 creatures vanquished.

Notes
Turn   | Place    | Note
--------------------------------------------------------------
     0 | D:1      | Kokonut the Centaur Berserker began the quest for the Orb.
     0 | D:1      | Reached XP level 1. HP: 19/19 MP: 1/1
   160 | D:1      | Reached XP level 2. HP: 26/26 MP: 2/2
   286 | D:1      | Reached ** piety under Trog
   581 | D:2      | Found a glowing golden altar of the Shining One.
   581 | D:2      | Found a blossoming altar of Fedhas.
   581 | D:2      | Found a basalt altar of Yredelemnul.
   584 | D:2      | Reached XP level 3. HP: 22/31 MP: 3/3
   585 | D:2      | Found a shattered altar of Ashenzari.
   585 | D:2      | Found a shadowy altar of Dithmenos.
   586 | D:2      | Found a deep blue altar of Sif Muna.
   819 | D:2      | Found an ancient bone altar of Kikubaaqudgha.
  1283 | D:2      | Reached skill level 4 in Fighting
  1358 | D:2      | Noticed Natasha
  1366 | D:2      | Killed Natasha
  1366 | D:2      | Reached XP level 4. HP: 4/40 MP: 4/4
  1804 | D:2      | Noticed Natasha
  1807 | D:2      | Killed Natasha
  1901 | D:2      | Noticed Natasha
  1907 | D:2      | Killed Natasha
  1913 | D:2      | Found a bloodstained altar of Trog.
  2033 | D:4      | Slain by an adder

Action                   |  1- 3 |  4- 6 || total
-------------------------+-------+-------++-------
Melee: Falchion          |   122 |    52 ||   174
Invok: Berserk           |     2 |     1 ||     3
  Eat: Chunk             |     2 |     4 ||     6
